 Dungeon Crawl Stone Soup version 0.21.1-1-g345015f (webtiles) character file.

71840 uwu the Severer (level 14, -3/132 HPs)
             Began as a Minotaur Berserker on July 12, 2018.
             Was a High Priest of Trog.
             Slain by a redback (10 damage)
             ... on level 4 of the Spider Nest.
             The game lasted 01:44:13 (25486 turns).

uwu the Severer (Minotaur Berserker)               Turns: 25486, Time: 01:44:13

Health: -3/132     AC: 24    Str: 22    XL:     14   Next: 99%
Magic:  2/16       EV: 12    Int:  4    God:    Trog [*****.]
Gold:   864        SH:  0    Dex: 26    Spells: 13/13 levels left

rFire    + . .     SeeInvis +   U - +9 battleaxe of Dismemberment {drain, rPois MR- Dex+8}
rCold    + . .     Gourm    .   (shield currently unavailable)
rNeg     . . .     Faith    .   Y - +9 scales of the Dragon King {rPois rF+ rC+ MR+}
rPois    +         Spirit   .   (helmet restricted)
rElec    .         Reflect  .   (no cloak)
rCorr    .         Harm     .   o - +2 pair of gloves {Dex+3}
MR       +....     Rnd*Tele +   (no boots)
Stlth    ..........             p - amulet of regeneration
HPRegen  0.72/turn              m - ring of see invisible
MPRegen  0.15/turn              u - +3 ring of evasion

@: corroded, very slightly contaminated, drained
A: retaliatory headbutt, horns 2, screaming 1, teleportitis 2, sturdy frame 1
a: Berserk, Trog's Hand, Brothers in Arms, Burn Spellbooks, Renounce Religion


You were on level 4 of the Spider Nest.
You worshipped Trog.
Trog was extremely pleased with you.
You were not hungry.

You visited 5 branches of the dungeon, and saw 23 of its levels.
You also visited: Labyrinth.

You collected 1379 gold pieces.
You spent 515 gold pieces at shops.

Inventory:

Hand Weapons
 i - the +3 battleaxe of Interdependent Arising {drain, Fragile +Fly Int+2}
   (You acquired it on level 6 of the Lair of Beasts)

   A truly terrible weapon, it drains the life of those it strikes.
   It affects your intelligence (+2).
   It lets you fly.
   It will be destroyed if unequipped.
 A - a +1 hand axe of venom
 E - a +3 vampiric long sword
 I - a +0 morningstar
 O - a +5 hand axe of electrocution
 Q - a +2 long sword of flaming
 U - the +9 battleaxe of Dismemberment (weapon) {drain, rPois MR- Dex+8}
   (You found it on level 3 of the Lair of Beasts)

   A truly terrible weapon, it drains the life of those it strikes.
   It affects your dexterity (+8).
   It protects you from poison.
   It affects your resistance to hostile enchantments.
Armour
 o - a +2 pair of gloves of dexterity (worn)
 r - a +4 plate armour of cold resistance
 L - +2 storm dragon scales {Bai Suzhen}
 Y - the +9 scales of the Dragon King (worn) {rPois rF+ rC+ MR+}
   (You took it off a minotaur in a labyrinth)

   It protects you from fire.
   It protects you from cold.
   It protects you from poison.
   It affects your resistance to hostile enchantments.
Jewellery
 g - an uncursed amulet of harm
 m - a ring of see invisible (left hand)
 p - an amulet of regeneration (around neck)
 t - an uncursed ring of wizardry {unknown}
 u - a +3 ring of evasion (right hand)
 V - an uncursed ring of flight
 Z - an uncursed ring of protection from cold
Wands
 b - a wand of polymorph (28)
 f - a wand of disintegration (22)
 s - a wand of random effects (112)
 y - a wand of paralysis (54)
 B - a wand of scattershot (7)
 C - a wand of enslavement (40)
 D - a wand of digging (11)
 F - a wand of flame (50)
Scrolls
 a - a scroll of summoning {unknown}
 d - 2 scrolls of enchant weapon
 j - 9 scrolls of remove curse
 k - 7 scrolls of identify
 l - 4 scrolls of magic mapping
 w - 2 scrolls of vulnerability {unknown}
Potions
 e - 3 potions of ambrosia
 h - 16 potions of curing
 q - a potion of experience {unknown}
 v - 3 potions of haste
 x - a potion of magic
 z - a potion of berserk rage
 H - a potion of flight
 J - a potion of might {unknown}
 K - a potion of agility
 M - 2 potions of brilliance
 R - a potion of resistance
Comestibles
 c - 14 rations


   Skills:
 + Level 14.0(13.3) Fighting
 + Level 18.3 Axes
 + Level 10.0(14.5) Maces & Flails
 + Level 15.8(15.0) Armour
 + Level 4.8(4.2) Dodging
 + Level 1.7(1.1) Stealth
   Level 5.8(5.2) Shields
 + Level 4.3(3.8) Evocations


You had 13 spell levels left.
You didn't know any spells.

Dungeon Overview and Level Annotations

Branches:
Dungeon (11/15)            Temple (0/1) D:4            Lair (6/6) D:10
 Shoals (0/4) Lair:2       Spider (4/4) Lair:4        Slime (1/5) Lair:5
    Orc (1/2) D:9

Altars:
Dithmenos
Elyvilon
Fedhas
Gozag
Hepliaklqana
Makhleb
Nemelex Xobeh
Qazlal
Ru
Uskayaw
Vehumet
Wu Jian
Xom

Shops:
D:4 %   D:6 !(=[   D:8 %[:

Annotations:
D:10 exclusion: ice statue
Lair:4 exclusion: 2 oklob plants


Innate Abilities, Weirdness & Mutations

You reflexively headbutt those who attack you in melee.
You have a pair of horns on your head.
You occasionally shout uncontrollably at your foes.
You are sometimes teleported next to monsters.
Your movements are slightly less encumbered by armour. (ER -2)


Message History

The entropy weaver completely misses you.
The entropy weaver hits you!
* * * LOW HITPOINT WARNING * * *
The entropy weaver hits you but does no damage.
The redback barely misses you.
A tarantella and 2 redbacks come into view.
The tarantella hisses angrily.
You slice the redback!!
You kill the redback!
Trog accepts your kill.
You barely miss the redback. You slice the redback!!
You slash the entropy weaver! You hit the redback. You drain the redback!
You slash the redback!
The redback bites you but does no damage. x2
The redback closely misses you. You furiously retaliate!
You headbutt the redback!
The redback bites you but does no damage.
The entropy weaver hits you but does no damage. x4
The redback bites you!
You die...

s. .###.#
<.#.....
#s.s... #
#..... . #.#.
#.... ...
s.^.s#ass##....
#.sssass#..#
#@ssss...
#ss##.... .s...
^ ...##..#
..... ...s
#.8.8. ..#.
#..... ...
#.$...# .^.


You could see 2 entropy weavers, an orb spider (wandering), a jumping spider, 3
tarantellas and 15 redbacks.

Vanquished Creatures
  Bai Suzhen (Spider:3)
  The ghost of contendunt the Bludgeoner, an adept MiFi of Okawaru (Lair:4)
  A ghost moth (Spider:4)
  An emperor scorpion (Spider:3)
  Snorg (Lair:3)
  A minotaur (Lab)
  3 hydras
  Fannar (Lair:1)
  Harold (Lair:3)
  3 catoblepae (Lair:6)
  The ghost of KappaVara the Cleaver, a novice DDFi of Makhleb (D:9)
  Urug (Lair:2)
  6 death yaks (Lair:6)
  A shambling mangrove (Lair:4)
  Pikel (D:8)
  3 orb spiders
  A shining eye (Slime:1)
  A necromancer (Lair:4)
  5 elephants
  8 wolf spiders
  2 manticores (Lair:6)
  2 moths of wrath
  5 black mambas
  2 merfolk sirens (Lair:2)
  Psyche (D:9)
  11 spiny frogs
  3 torpor snails
  3 rime drakes
  A yaktaur (Spider:2)
  4 komodo dragons
  6 demonic crawlers
  2 ice devils (Lair:6)
  16 jumping spiders
  A polar bear (Lair:4)
  5 hornets
  A queen bee (D:8)
  2 merfolk (Lair:2)
  2 trolls (D:9)
  2 blink frogs (Lair:6)
  Prince Ribbit (D:9)
  7 hippogriffs
  10 tarantellas
  2 wyverns
  50 redbacks
  36 yaks
  3 basilisks
  A wandering mushroom (Lair:4)
  A hungry ghost (D:9)
  7 porcupines
  2 hell hounds (D:10)
  8 water moccasins
  The ghost of aciddrop the Covert, an amateur SpAs (D:3)
  3 ice beasts
  3 orc warriors
  A phantom (D:4)
  3 sky beasts
  4 slaves (D:8)
  A necrophage (D:10)
  A black bear (D:9)
  2 centaurs
  12 wolves
  5 ogres
  7 crocodiles
  9 bullfrogs
  A scorpion (Lair:2)
  13 killer bees (D:8)
  An electric eel (Lair:1)
  A howler monkey (D:4)
  5 crimson imps
  A quasit (D:8)
  15 jellies
  2 bullfrog skeletons
  3 orc priests
  6 hounds
  4 orc wizards
  An iguana (D:7)
  7 worker ants
  A yak simulacrum (Lair:4)
  4 polar bear simulacra (Lair:4)
  2 wolf simulacra (Lair:4)
  A hound skeleton (D:9)
  A howler monkey zombie (D:5)
  A worker ant zombie (D:7)
  12 adders
  4 shadow imps
  An ooze (D:3)
  4 adder skeletons
  An adder zombie (D:8)
  2 worms
  A dart slug (D:1)
  2 leopard geckos (D:1)
  31 orcs
  8 giant cockroaches
  8 goblins
  8 hobgoblins
  13 jackals
  5 quokkas
  2 ball pythons
  7 bats
  7 frilled lizards
  A jackal skeleton (D:7)
  3 kobolds
  A quokka skeleton (D:5)
  10 rats
  4 river rat simulacra (Lair:4)
  A fungus (Lair:2)
  5 plants
504 creatures vanquished.

Vanquished Creatures (collateral kills)
  4 hydras
  2 elephants (Lair:6)
  3 blink frogs (Lair:6)
  2 redbacks (Spider:3)
  2 crocodiles (Lair:6)
13 creatures vanquished.

Vanquished Creatures (others)
  A ghost moth (Spider:2)
  2 redbacks (Spider:3)
  8 fungi
  8 plants
19 creatures vanquished.

Grand Total: 536 creatures vanquished

Notes
Turn   | Place    | Note
-------+----------+-------------------------------------------
     0 | D:1      | uwu the Minotaur Berserker began the quest for the Orb.
     0 | D:1      | Reached XP level 1. HP: 19/19 MP: 0/0
   496 | D:1      | Reached XP level 2. HP: 25/27 MP: 1/1
  1265 | D:2      | Reached XP level 3. HP: 30/34 MP: 2/2
  1268 | D:2      | Reached ** piety under Trog
  1540 | D:2      | Found a shadowy altar of Dithmenos.
  1741 | D:3      | Reached XP level 4. HP: 17/41 MP: 3/3
  2502 | D:3      | Reached skill level 5 in Maces & Flails
  2859 | D:3      | Found a stormy altar of Qazlal.
  2870 | D:3      | Noticed aciddrop's ghost (amateur SpAs)
  2896 | D:3      | Killed aciddrop's ghost
  2896 | D:3      | Reached skill level 1 in Stealth
  2896 | D:3      | Reached XP level 5. HP: 45/47 MP: 4/4
  3204 | D:3      | Found a blossoming altar of Fedhas.
  3205 | D:3      | Found a radiant altar of Vehumet.
  3319 | D:4      | Found a staircase to the Ecumenical Temple.
  3457 | D:4      | Found Caneutaa's Food Shoppe.
  3470 | D:4      | Bought a ration for 65 gold pieces
  3503 | D:4      | Reached skill level 5 in Fighting
  3503 | D:4      | Reached XP level 6. HP: 51/56 MP: 5/5
  3536 | D:4      | Reached skill level 1 in Axes
  3900 | D:4      | Reached *** piety under Trog
  3900 | D:4      | Reached skill level 2 in Axes
  4055 | D:4      | Reached skill level 3 in Axes
  4055 | D:4      | Reached XP level 7. HP: 45/61 MP: 6/6
  4212 | D:4      | Found a shimmering altar of Xom.
  4212 | D:4      | Found a shimmering altar of Xom.
  4219 | D:4      | Found a shimmering altar of Xom.
  4219 | D:4      | Found a shimmering altar of Xom.
  4220 | D:4      | Found a shimmering altar of Xom.
  4406 | D:5      | Entered Level 5 of the Dungeon
  4414 | D:5      | Found an opulent altar of Gozag.
  4734 | D:5      | Reached skill level 4 in Axes
  4734 | D:5      | Reached skill level 5 in Armour
  4927 | D:5      | Found a hazy altar of Hepliaklqana.
  5335 | D:6      | Found a blossoming altar of Fedhas.
  5351 | D:6      | Found Icre's Jewellery Boutique.
  5351 | D:6      | Found a burning altar of Makhleb.
  5367 | D:6      | Reached skill level 5 in Axes
  5495 | D:6      | Reached XP level 8. HP: 66/70 MP: 7/7
  5497 | D:6      | Found a sparkling altar of Nemelex Xobeh.
  5669 | D:6      | Found Wual Oto's Distillery.
  5674 | D:6      | Bought a potion of curing for 30 gold pieces
  5746 | D:6      | Found Urphache's Weapon Boutique.
  5792 | D:6      | Reached skill level 6 in Axes
  5994 | D:6      | Found a sacrificial altar of Ru.
  6205 | D:6      | Found Foac's Armour Shoppe.
  6526 | D:7      | Reached skill level 7 in Axes
  6645 | D:7      | Found an ornate altar of the Wu Jian Council.
  6884 | D:7      | Reached **** piety under Trog
  7097 | D:7      | Got a shimmering helmet
  7479 | D:8      | Found a white marble altar of Elyvilon.
  7538 | D:8      | Found Iramitud's Antique Armour Shoppe.
  7691 | D:8      | Reached skill level 8 in Axes
  7708 | D:8      | Noticed a queen bee
  7722 | D:8      | Reached XP level 9. HP: 78/78 MP: 8/8
  7725 | D:8      | Killed a queen bee
  7735 | D:8      | Reached skill level 1 in Shields
  7755 | D:8      | Reached skill level 9 in Axes
  7981 | D:8      | Noticed Pikel
  8158 | D:8      | Found Xiqol's Book Shoppe.
  8185 | D:8      | Killed Pikel
  8384 | D:8      | Found Qysist's Food Emporium.
  8492 | D:9      | Found a hide-covered altar of Uskayaw.
  8546 | D:9      | Noticed Psyche
  8550 | D:9      | Noticed a troll
  8556 | D:9      | Killed Psyche
  8556 | D:9      | Reached skill level 10 in Axes
  8571 | D:9      | Killed a troll
  8571 | D:9      | Reached XP level 10. HP: 47/88 MP: 9/9
  8744 | D:9      | Found a staircase to the Orcish Mines.
  8808 | Orc:1    | Entered Level 1 of the Orcish Mines
  8843 | D:9      | Reached ***** piety under Trog
  9022 | D:9      | Noticed KappaVara's ghost (novice DDFi)
  9038 | D:9      | Killed KappaVara's ghost
  9038 | D:9      | Reached skill level 5 in Shields
  9221 | D:9      | Noticed Prince Ribbit
  9234 | D:9      | Killed Prince Ribbit
  9316 | D:9      | Reached skill level 11 in Axes
  9643 | D:10     | Entered Level 10 of the Dungeon
  9844 | D:10     | Reached skill level 10 in Armour
  9989 | D:10     | Found a staircase to the Lair.
 10061 | Lair:1   | Entered Level 1 of the Lair of Beasts
 10068 | Lair:1   | Noticed a spiny frog
 10070 | Lair:1   | Noticed a spiny frog
 10083 | D:10     | Killed a spiny frog
 10405 | Lair:1   | Killed a spiny frog
 10703 | Lair:1   | Reached XP level 11. HP: 66/97 MP: 10/10
 10856 | Lair:1   | Noticed Fannar
 10896 | Lair:1   | Killed Fannar
 12094 | Lair:2   | Received a gift from Trog
 12377 | Lair:2   | Found a staircase to the Shoals.
 12397 | Lair:2   | Reached skill level 10 in Fighting
 12874 | Lair:2   | Noticed a six-headed hydra
 12894 | Lair:2   | Killed a 15-headed hydra
 13321 | Lair:2   | Reached skill level 12 in Axes
 13990 | Lair:3   | Noticed Urug
 14174 | Lair:2   | Killed Urug
 14174 | Lair:2   | Reached XP level 12. HP: 40/107 MP: 11/11
 14845 | D:6      | Bought an uncursed amulet of regeneration for 420 gold pieces
 15587 | Lair:3   | Noticed Snorg
 15601 | Lair:3   | Killed Snorg
 15763 | Lair:3   | Got a warped battleaxe
 15764 | Lair:3   | Identified the +9 battleaxe of Dismemberment {drain, rPois MR- Dex+8} (You found it on level 3 of the Lair of Beasts)
 15928 | Lair:3   | Noticed Harold
 15943 | Lair:3   | Killed Harold
 16466 | Lair:4   | Found a labyrinth entrance.
 16537 | Lab      | Entered a labyrinth
 17388 | Lab      | Noticed a minotaur
 17392 | Lab      | Killed a minotaur
 17394 | Lab      | Got a shimmering silver ring
 17619 | Lair:4   | Found a hole to the Spider Nest.
 17630 | Lair:4   | Reached skill level 13 in Axes
 18395 | Lair:4   | Reached skill level 1 in Evocations
 18491 | Lair:4   | Noticed contendunt's ghost (adept MiFi)
 18517 | Lair:4   | Killed contendunt's ghost
 18740 | Lair:4   | Noticed a seven-headed hydra
 18747 | Lair:4   | Killed a seven-headed hydra
 19445 | Lair:4   | Reached XP level 13. HP: 115/116 MP: 14/14
 19530 | Lair:5   | Reached skill level 14 in Axes
 19569 | Lair:5   | Found a staircase to the Slime Pits.
 19581 | Lair:5   | Received a gift from Trog
 20319 | Lair:6   | Entered Level 6 of the Lair of Beasts
 20572 | Lair:6   | Reached skill level 15 in Axes
 20775 | Lair:6   | Reached skill level 16 in Axes
 20797 | Lair:6   | Got a scintillating marble ring
 21573 | Lair:6   | Identified a scroll of acquirement
 21589 | Lair:6   | Got a smoking battleaxe
 21590 | Lair:6   | Identified the +3 battleaxe of Interdependent Arising {drain, Fragile +Fly Int+2} (You acquired it on level 6 of the Lair of Beasts)
 21594 | Lair:6   | Gained mutation: Armour fits poorly on your strangely shaped body. [potion of mutation]
 21594 | Lair:6   | Gained mutation: You are occasionally teleported next to monsters. [potion of mutation]
 21594 | Lair:6   | Gained mutation: You are agile. (Dex +2) [potion of mutation]
 21720 | Lair:6   | Lost mutation: Armour fits poorly on your strangely shaped body. [potion of mutation]
 21720 | Lair:6   | Lost mutation: You are agile. (Dex +2) [potion of mutation]
 21720 | Lair:6   | Gained mutation: You are sometimes teleported next to monsters. [potion of mutation]
 21720 | Lair:6   | Gained mutation: Your movements are slightly less encumbered by armour. (ER -2) [potion of mutation]
 21889 | Slime:1  | Entered Level 1 of the Pits of Slime
 21898 | Slime:1  | Gained mutation: You occasionally shout uncontrollably at your foes. [a shining eye]
 22122 | Spider:1 | Entered Level 1 of the Spider Nest
 22137 | Spider:1 | Reached XP level 14. HP: 127/127 MP: 15/15
 22558 | Spider:2 | Reached skill level 17 in Axes
 22611 | Spider:2 | Reached skill level 15 in Armour
 22641 | Spider:2 | Noticed a ghost moth
 22650 | Spider:2 | Killed a ghost moth
 24247 | Spider:3 | Noticed an emperor scorpion
 24262 | Spider:3 | Killed an emperor scorpion
 24472 | Spider:3 | Noticed Bai Suzhen
 24486 | Spider:3 | Reached skill level 18 in Axes
 24507 | Spider:3 | Killed Bai Suzhen
 24515 | Spider:3 | Received a gift from Trog
 24743 | Spider:3 | Reached skill level 10 in Maces & Flails
 25427 | Spider:4 | Entered Level 4 of the Spider Nest
 25430 | Spider:4 | Noticed a ghost moth
 25444 | Spider:4 | Killed a ghost moth
 25473 | Spider:4 | Noticed a ghost moth
 25479 | Spider:4 | Noticed an entropy weaver
 25479 | Spider:4 | Noticed an entropy weaver
 25486 | Spider:4 | Slain by a redback

Skill      XL: |  1  2  3  4  5  6  7  8  9 10 11 12 13 14 |
---------------+-------------------------------------------+-----
Fighting       | 4 5 6 8 9 10 11 12 14 | 14.0
Maces & Flails | 4 5 6 7 9 10 | 10.0
Armour         | 3 4 5 7 9 10 12 13 14 15 | 15.8
Dodging        | 3 4 |  4.8
Stealth        | 1 |  1.7
Axes           | 3 5 8 10 11 12 13 16 18 | 18.3
Shields        | 4 5 |  5.8
Evocations     | 3 4 |  4.3

Action                   |  1- 3 |  4- 6 |  7- 9 | 10-12 | 13-15 || total
-------------------------+-------+-------+-------+-------+-------++-------
Melee: Mace              |    75 |    38 |       |       |       ||   113
       Headbutt          |    11 |    20 |    89 |   136 |   159 ||   415
       Hand axe          |       |   105 |   410 |   261 |       ||   776
       Morningstar       |       |       |       |   154 |    25 ||   179
       Battleaxe         |       |       |       |   117 |   419 ||   536
Invok: Berserk           |     1 |       |     1 |     6 |     2 ||    10
       Burn Spellbooks   |       |       |       |     3 |     3 ||     6
       Brothers in Arms  |       |       |       |     1 |     7 ||     8
Evoke: Wand              |       |       |       |    45 |    11 ||    56
  Use: Potion            |     3 |     3 |     3 |     2 |     9 ||    20
       Scroll            |     2 |     5 |     7 |     3 |    25 ||    42
 Stab: Sleeping          |     1 |       |       |       |       ||     1
  Eat: Chunk             |     4 |     4 |     5 |    14 |    11 ||    38
       Ration            |       |     1 |     3 |     8 |     4 ||    16
Armor: Animal skin       |    19 |       |       |       |       ||    19
       Leather armour    |     7 |     1 |       |       |       ||     8
       Ring mail         |       |    23 |       |       |       ||    23
       Scale mail        |       |    26 |     9 |       |       ||    35
       Plate armour      |       |       |   200 |   289 |       ||   489
       Gold dragon scale |       |       |       |    81 |   572 ||   653
Dodge: Dodged            |    60 |    96 |   159 |   301 |   363 ||   979
Block: Shield            |       |       |    84 |    55 |       ||   139
